[Event "Kragero Resort A 2020"]
[Site "Kragero"]
[Date "2020.02.23"]
[Round "9.15"]
[White "Sriram, Jha"]
[Black "Vitenberg, Noam Aviv"]
[Result "0-1"]
[ECO "A13"]
[WhiteElo "2383"]
[BlackElo "2276"]
[Annotator "NA"]
[PlyCount "98"]
[EventDate "2020.02.19"]
[EventType "swiss"]
[EventCountry "NOR"]
[SourceTitle "playchess.com"]
[Source "ChessBase"]
[SourceQuality "1"]
[TimeControl "5400+30"]

1. Nf3 d5 2. e3 Nf6 3. c4 e6 4. b3 Be7 5. Bb2 O-O 6. Nc3 Nbd7 {[%emt 0:02:57] A13: English Opening: 1...e6.} 7. Qc2 b6 8. cxd5 exd5 9. Be2 Bb7 10. O-O a6 11. Rac1 Rc8 12. d4 {[%emt 0:09:37] [#]} Bd6 $146 ({Predecessor:} 12... Re8 13. Rfd1 Bd6 14. Bd3 Ne4 15. Qe2 Ra8 16. Nb1 Qe7 17. Nbd2 f5 18. Nf1 Qf7 {1-0 (64) Ballecer,D-Villanueva,V Bagac 2000}) 13. Qf5 Re8 14. Bd3 Qe7 15. Bb1 g6 16. Qh3 Rcd8 17. Ne2 Ne4 18. g3 Ndf6 19. Qg2 c5 20. Nc3 c4 21. Nxe4 Nxe4 22. Qh3 Ng5 23. Nxg5 Qxg5 24. Qg2 $17 b5 25. bxc4 bxc4 26. Bc3 Bc6 27. Bc2 Bd7 28. h4 Qh5 29. Bd1 Bg4 30. Bxg4 Qxg4 31. Qxd5 Ba3 32. Qxc4 Bxc1 33. Rxc1 Qf3 34. Qd3 Rd5 35. Be1 g5 36. hxg5 Rxg5 37. Qd1 Qe4 38. Rc5 Rxc5 39. dxc5 Rb8 40. Kh2 Rc8 41. Qd4 Qf5 42. Kg1 Qxc5 43. Qg4+ Kh8 44. Bb4 Qc4 45. Qf5 Qe6 46. Qg5 f6 47. Qh6 Qf5 48. Be7 Rc1+ 49. Kg2 Qe4+ 0-1

[Event "Kragero Resort A 2020"]
[Site "Kragero"]
[Date "2020.02.23"]
[Round "9.16"]
[White "Miedema, David"]
[Black "Eliseev, Sergey"]
[Result "1-0"]
[ECO "E16"]
[WhiteElo "2368"]
[BlackElo "1947"]
[Annotator "ChessBase"]
[PlyCount "69"]
[EventDate "2020.02.19"]
[EventType "swiss"]
[EventCountry "NOR"]
[SourceTitle "playchess.com"]
[Source "ChessBase"]
[SourceQuality "1"]
[TimeControl "5400+30"]

1. d4 Nf6 2. c4 e6 3. Nf3 b6 4. g3 Bb7 5. Bg2 Bb4+ 6. Bd2 Be7 7. Nc3 O-O 8. O-O c5 9. d5 exd5 10. Ne1 b5 11. cxd5 d6 12. Nxb5 Bxd5 13. Bf4 Bxg2 14. Nxg2 Qb6 15. Qb3 Qc6 16. Rfd1 c4 17. Qa4 d5 18. Ne3 Bc5 19. Nc3 Qxa4 20. Nxa4 Bxe3 21. Bxe3 Na6 22. Nc3 Nb4 23. Rd2 Ne4 24. Nxe4 dxe4 25. Rc1 Rfc8 26. a3 Na2 27. Rcc2 c3 28. Rd7 cxb2 29. Rxb2 Nc3 30. Rbb7 Nxe2+ 31. Kf1 Nc3 32. Rxf7 Nd5 33. Rxg7+ Kf8 34. Bh6 Rc1+ 35. Bxc1 1-0

[Event "Kragero Resort A 2020"]
[Site "Kragero"]
[Date "2020.02.23"]
[Round "9.17"]
[White "Kjartansson, David"]
[Black "Thorgeirsson, Jon Kristinn"]
[Result "1-0"]
[ECO "D02"]
[WhiteElo "2356"]
[BlackElo "2269"]
[Annotator "ChessBase"]
[PlyCount "91"]
[EventDate "2020.02.19"]
[EventType "swiss"]
[EventCountry "NOR"]
[SourceTitle "playchess.com"]
[Source "ChessBase"]
[SourceQuality "1"]
[TimeControl "5400+30"]

1. d4 d5 2. Nf3 Nf6 3. Bf4 e6 4. e3 Bd6 5. Bg3 O-O 6. Nbd2 c5 7. c3 Nc6 8. Bd3 cxd4 9. exd4 Qc7 10. O-O Bxg3 11. hxg3 e5 12. dxe5 Nxe5 13. Nxe5 Qxe5 14. Re1 Qd6 15. Nb3 Bg4 16. Qd2 Rfe8 17. Nd4 h6 18. Rxe8+ Rxe8 19. Re1 Rxe1+ 20. Qxe1 Bd7 21. Qe3 Ng4 22. Qf4 Qe5 23. Qxe5 Nxe5 24. Be2 Kf8 25. Bf3 Be6 26. Kf1 Ke7 27. Ke2 Kd6 28. b3 a6 29. Ke3 Nc6 30. a4 Kc5 31. b4+ Kc4 32. Nxc6 bxc6 33. Kd2 d4 34. cxd4 Kxd4 35. Bxc6 Kc4 36. b5 Kc5 37. Kc3 f6 38. Be8 Bc4 39. bxa6 Bxa6 40. Bh5 g5 41. Bf3 f5 42. g4 f4 43. Be4 Be2 44. f3 Ba6 45. Bd3 Bc8 46. a5 1-0

[Event "Kragero Resort A 2020"]
[Site "Kragero"]
[Date "2020.02.23"]
[Round "9.18"]
[White "Sgircea, Silvia-Raluca"]
[Black "Alinasab, Mobina"]
[Result "0-1"]
[ECO "A30"]
[WhiteElo "2275"]
[BlackElo "2333"]
[Annotator "NA"]
[PlyCount "114"]
[EventDate "2020.02.19"]
[EventType "swiss"]
[EventCountry "NOR"]
[SourceTitle "playchess.com"]
[Source "ChessBase"]
[SourceQuality "1"]
[TimeControl "5400+30"]

1. Nf3 Nf6 2. c4 e6 3. Nc3 c5 4. g3 b6 5. Bg2 Bb7 6. O-O a6 7. d4 cxd4 8. Qxd4 d6 9. Rd1 Qc7 10. b3 Nbd7 11. e4 Be7 12. Ba3 Nc5 13. e5 dxe5 14. Qxe5 Qc8 15. Qe2 {[%emt 0:13:51] A30: Symmetrical English: Double Fianchetto and Hedgehog.} O-O {[%emt 0:00:49] [#]} 16. Bxc5 $146 ({Predecessor:} 16. Na4 Nfd7 17. Rxd7 Qxd7 18. Nxb6 Qc7 19. Nxa8 Bxa8 20. Rd1 Qa5 21. Bxc5 Qxc5 22. Ne5 Bxg2 23. Kxg2 {1-0 (28) Salov,V (2660)-Adams,M (2630) Wijk aan Zee 1993}) 16... Qxc5 17. Na4 Qc7 18. Qe5 Qb8 19. Qxb8 Raxb8 20. Ne5 Bxg2 21. Kxg2 Rfc8 22. Rd3 b5 23. Nc3 Rc5 24. f4 Rbc8 25. Rad1 h6 26. Kf3 R5c7 27. Ne2 bxc4 28. Nxc4 a5 29. Nc3 Ra8 30. Na4 Nd5 31. R1d2 $11 Rb8 32. Ne3 Nxe3 33. Kxe3 e5 34. Rd7 exf4+ 35. Kxf4 Bg5+ 36. Kf3 Rc1 37. Re2 Rb5 38. Rd3 Rf5+ 39. Kg2 Rff1 40. Rc3 Rg1+ 41. Kh3 Rcd1 42. Rc5 Rd4 43. Nb2 Bf6 44. Rc4 Rd5 45. Kg4 h5+ 46. Kf3 Rf5+ 47. Ke3 Rgf1 48. Kd3 R5f3+ 49. Kc2 Ra1 50. Ra4 Rc3+ 51. Kd2 Rcc1 52. Re8+ Kh7 53. Nd3 Bg5+ 54. Nf4 Rd1+ 55. Kc2 Rac1+ 56. Kb2 Bf6+ 57. Ka3 Rd2 0-1

[Event "Kragero Resort A 2020"]
[Site "Kragero"]
[Date "2020.02.23"]
[Round "9.19"]
[White "Holleland, Sigve"]
[Black "Radeva, Viktoria"]
[Result "0-1"]
[ECO "D31"]
[WhiteElo "2076"]
[BlackElo "2320"]
[Annotator "ChessBase"]
[PlyCount "70"]
[EventDate "2020.02.19"]
[EventType "swiss"]
[EventCountry "NOR"]
[SourceTitle "playchess.com"]
[Source "ChessBase"]
[SourceQuality "1"]
[TimeControl "5400+30"]

1. d4 d5 2. c4 e6 3. Nc3 c6 4. e4 Bb4 5. Bd2 Ne7 6. a3 Bxc3 7. Bxc3 O-O 8. Bd3 b6 9. b3 Bb7 10. Nf3 Nd7 11. O-O Rc8 12. Re1 h6 13. Re3 Nf6 14. e5 Ne8 15. c5 Rb8 16. g4 Ng6 17. Bxg6 fxg6 18. Qd3 g5 19. Kg2 Rf4 20. Kg3 Nc7 21. h4 Ba6 22. Qg6 Qf8 23. hxg5 Be2 24. Rxe2 Rxf3+ 25. Kg2 Rxc3 26. gxh6 bxc5 27. f4 Rbxb3 28. Rf2 Rg3+ 29. Kf1 Rh3 30. g5 Qf7 31. h7+ Rxh7 32. Qc2 Rg3 33. Rb1 Rh1+ 34. Ke2 Rxb1 35. Rh2 Qf5 0-1

[Event "Kragero Resort A 2020"]
[Site "Kragero"]
[Date "2020.02.23"]
[Round "9.20"]
[White "Brodtkorb, Lars Johan"]
[Black "Lie, Espen"]
[Result "1/2-1/2"]
[ECO "D40"]
[WhiteElo "2179"]
[BlackElo "2490"]
[Annotator "ChessBase"]
[PlyCount "100"]
[EventDate "2020.02.19"]
[EventType "swiss"]
[EventCountry "NOR"]
[SourceTitle "playchess.com"]
[Source "ChessBase"]
[SourceQuality "1"]
[TimeControl "5400+30"]

1. d4 d5 2. c4 e6 3. Nc3 c5 4. e3 Nf6 5. Nf3 a6 6. dxc5 Bxc5 7. cxd5 exd5 8. a3 O-O 9. b4 Ba7 10. Bb2 Nc6 11. Be2 d4 12. exd4 Nxd4 13. Nxd4 Bxd4 14. O-O Be6 15. Rc1 Qd7 16. Na4 Bxb2 17. Nxb2 Bd5 18. Na4 Rad8 19. Nb6 Qe7 20. Nxd5 Nxd5 21. Qc2 Nf4 22. Bf3 Rd3 23. Rfe1 Qg5 24. Re3 Nh3+ 25. Kf1 Rxe3 26. fxe3 Qxe3 27. Qc5 Qxa3 28. Qc3 Qxc3 29. Rxc3 Nf4 30. Rc4 Nd3 31. Bxb7 Rb8 32. Ke2 g6 33. Kxd3 Rxb7 34. Rc8+ Kg7 35. Kc4 Rb6 36. Kc5 Rb5+ 37. Kc4 Rh5 38. h3 Rg5 39. Ra8 Rxg2 40. Rxa6 g5 41. b5 Rb2 42. Ra4 h5 43. Kc5 g4 44. hxg4 h4 45. b6 h3 46. Ra3 Rc2+ 47. Kd6 Rd2+ 48. Kc7 Rc2+ 49. Kd6 Rd2+ 50. Kc7 Rc2+ 1/2-1/2

[Event "Kragero Resort A 2020"]
[Site "Kragero"]
[Date "2020.02.23"]
[Round "9.21"]
[White "Haug, Johannes"]
[Black "Sjoberg, Isak"]
[Result "1-0"]
[ECO "E71"]
[WhiteElo "2426"]
[BlackElo "2218"]
[Annotator "ChessBase"]
[PlyCount "55"]
[EventDate "2020.02.19"]
[EventType "swiss"]
[EventCountry "NOR"]
[SourceTitle "playchess.com"]
[Source "ChessBase"]
[SourceQuality "1"]
[TimeControl "5400+30"]

1. d4 Nf6 2. c4 g6 3. Nc3 Bg7 4. e4 d6 5. h3 O-O 6. Be3 e5 7. d5 a5 8. g4 Na6 9. Nge2 Nd7 10. h4 Ndc5 11. Ng3 Bd7 12. Be2 Qc8 13. h5 Rb8 14. Rh4 Qd8 15. Rh3 Qc8 16. Rh4 Qd8 17. Rh1 Qc8 18. g5 Re8 19. Qd2 c6 20. Kf1 cxd5 21. Nxd5 Qd8 22. Kg2 b5 23. Rh4 Nc7 24. Nf6+ Bxf6 25. gxf6 N5e6 26. hxg6 hxg6 27. Bg5 Nf4+ 28. Qxf4 1-0

[Event "Kragero Resort A 2020"]
[Site "Kragero"]
[Date "2020.02.23"]
[Round "9.22"]
[White "Bergsson, Stefan"]
[Black "Vestby-Ellingsen, Mads"]
[Result "1-0"]
[ECO "B43"]
[WhiteElo "2172"]
[BlackElo "2357"]
[Annotator "ChessBase"]
[PlyCount "91"]
[EventDate "2020.02.19"]
[EventType "swiss"]
[EventCountry "NOR"]
[SourceTitle "playchess.com"]
[Source "ChessBase"]
[SourceQuality "1"]
[TimeControl "5400+30"]

1. e4 c5 2. Nf3 e6 3. d4 cxd4 4. Nxd4 Nc6 5. Nc3 Qc7 6. Be3 a6 7. f4 b5 8. Qf3 Bb7 9. Bd3 Nf6 10. O-O-O Be7 11. g4 b4 12. Nce2 d5 13. e5 Ne4 14. Nxc6 Bxc6 15. Nd4 Bb7 16. Kb1 g5 17. h4 gxf4 18. Qxf4 Bc5 19. Rhf1 Rf8 20. Nf3 O-O-O 21. Bxc5 Qxc5 22. Ng5 Kb8 23. Nxh7 Rh8 24. Nf6 Nxf6 25. Qxf6 a5 26. h5 a4 27. Qxf7 a3 28. Bg6 Rhf8 29. Qxe6 Rxf1 30. Rxf1 Qd4 31. c3 Qd2 32. Bc2 Ka7 33. Qe7 Qe2 34. Rd1 b3 35. axb3 a2+ 36. Kxa2 Qxc2 37. Rd4 Rc8 38. Ra4+ Kb8 39. Rb4 Rc7 40. Qd8+ Rc8 41. Qd6+ Rc7 42. Qxd5 Qf2 43. Qd8+ Rc8 44. Qd6+ Rc7 45. h6 Qh2 46. Rc4 1-0

[Event "Kragero Resort A 2020"]
[Site "Kragero"]
[Date "2020.02.23"]
[Round "9.23"]
[White "Stefansson, Vignir Vatnar"]
[Black "Fossan, Aleksander"]
[Result "1/2-1/2"]
[ECO "E60"]
[WhiteElo "2323"]
[BlackElo "2193"]
[Annotator "ChessBase"]
[PlyCount "41"]
[EventDate "2020.02.19"]
[EventType "swiss"]
[EventCountry "NOR"]
[SourceTitle "playchess.com"]
[Source "ChessBase"]
[SourceQuality "1"]
[TimeControl "5400+30"]

1. d4 Nf6 2. Nf3 g6 3. c4 Bg7 4. e3 O-O 5. Be2 d5 6. cxd5 Nxd5 7. e4 Nb6 8. O-O Bg4 9. Nbd2 N8d7 10. h3 Bxf3 11. Nxf3 c5 12. d5 Ne5 13. Nxe5 Bxe5 14. Be3 Qd6 15. Rc1 Nd7 16. Qd2 Rac8 17. Bb5 Nb6 18. b3 f5 19. f4 Bd4 20. Bxd4 cxd4 21. Rxc8 1/2-1/2

[Event "Kragero Resort A 2020"]
[Site "Kragero"]
[Date "2020.02.23"]
[Round "9.24"]
[White "Doluhanova, Evgeniya"]
[Black "Tunsjo, Axel"]
[Result "1/2-1/2"]
[ECO "A06"]
[WhiteElo "2258"]
[BlackElo "2035"]
[Annotator "NA"]
[PlyCount "116"]
[EventDate "2020.02.19"]
[EventType "swiss"]
[EventCountry "NOR"]
[SourceTitle "playchess.com"]
[Source "ChessBase"]
[SourceQuality "1"]
[TimeControl "5400+30"]

1. Nf3 Nf6 2. b3 e6 3. Bb2 d5 4. e3 Be7 5. Be2 O-O 6. O-O b6 {[%emt 0:00:24] A06: Réti Opening: 1 Nf3 d5.} 7. d3 Bb7 8. Ne5 c5 9. Nd2 Nc6 10. f4 d4 11. Nxc6 Bxc6 12. e4 Nd7 {[%emt 0:00:11] [#]} 13. Qe1 $146 ({Predecessor:} 13. Bg4 f5 14. Bf3 Nf6 15. Qe2 Qd7 16. Rae1 Rae8 17. a4 Bd8 18. Nc4 Bb7 19. Ne5 {½-½ (29) Hedin,G (2174)-Giulian,P (2124) Walbrzych 2018}) 13... f5 ({Black should play} 13... e5 $15) 14. Bf3 Kh8 15. c3 dxc3 16. Bxc3 Nf6 17. Nc4 Rc8 18. Rd1 Qc7 19. Be5 Qd7 20. a4 Rcd8 21. Qc3 Qb7 22. Rde1 Rd7 23. exf5 exf5 24. Ne3 g6 25. h3 Bxf3 26. Rxf3 Kg8 27. Qc4+ Nd5 $11 28. g4 fxg4 29. Nxg4 h5 30. Qe4 Nxf4 31. Rxf4 Qxe4 32. Rexe4 hxg4 33. Rxg4 Kh7 34. d4 Rf3 35. dxc5 Bxc5+ 36. Kg2 Rf2+ 37. Kg3 Rd3+ 38. Kh4 Be7+ 39. Rg5 Rd5 40. Kg3 Bxg5 41. Kxf2 Rd3 42. h4 Bd8 43. b4 a5 44. b5 Kh6 45. Bf4+ Kh5 46. Bg3 Bf6 47. Re6 Bd4+ 48. Kg2 Ra3 49. Re4 Bc5 50. Re5+ Kh6 51. Bf4+ Kg7 52. Re4 Kf6 53. Bg5+ Kf5 54. Rf4+ Ke5 55. Rg4 Kf5 56. Rf4+ Ke5 57. Rg4 Kf5 58. Rf4+ Ke5 1/2-1/2

[Event "Kragero Resort A 2020"]
[Site "Kragero"]
[Date "2020.02.23"]
[Round "9.25"]
[White "Bergvoll, Mats"]
[Black "Van Dael, Siem"]
[Result "1/2-1/2"]
[ECO "E73"]
[WhiteElo "2059"]
[BlackElo "2257"]
[Annotator "ChessBase"]
[PlyCount "46"]
[EventDate "2020.02.19"]
[EventType "swiss"]
[EventCountry "NOR"]
[SourceTitle "playchess.com"]
[Source "ChessBase"]
[SourceQuality "1"]
[TimeControl "5400+30"]

1. d4 Nf6 2. c4 g6 3. Nc3 Bg7 4. e4 d6 5. Be2 e5 6. d5 a5 7. Be3 Na6 8. g4 Nc5 9. f3 h5 10. g5 Nfd7 11. h4 a4 12. Qd2 Nb6 13. Nh3 Bd7 14. Nf2 Qb8 15. Rc1 O-O 16. Nb5 Kh7 17. Qb4 Na6 18. Qd2 Nc5 19. Qb4 Na6 20. Qd2 Nc8 21. Nd3 c6 22. Nc3 cxd5 23. Nxd5 Nc7 1/2-1/2

[Event "Kragero Resort A 2020"]
[Site "Kragero"]
[Date "2020.02.23"]
[Round "9.26"]
[White "Stellas, Dimitrios"]
[Black "Nordquelle, Daniel"]
[Result "0-1"]
[ECO "D00"]
[WhiteElo "2015"]
[BlackElo "2242"]
[Annotator "NA"]
[PlyCount "164"]
[EventDate "2020.02.19"]
[EventType "swiss"]
[EventCountry "NOR"]
[SourceTitle "playchess.com"]
[Source "ChessBase"]
[SourceQuality "1"]
[TimeControl "5400+30"]

1. d4 d5 2. Bf4 Nf6 3. e3 c5 4. c3 Nc6 5. Nd2 Bf5 6. Ngf3 e6 7. Qb3 {[%emt 0:07:01] D00: 1 d4 d5: Unusual lines.} Qc8 8. Nh4 Bg4 9. h3 Bh5 10. g4 Bg6 11. Nxg6 hxg6 12. Be2 Be7 {[%emt 0:01:36] [#]} 13. Bg3 $146 ({Predecessor:} 13. Rc1 Qd7 14. Kf1 c4 15. Qc2 Bd6 16. Bxd6 Qxd6 17. e4 Qf4 18. e5 Nd7 19. Nf3 {1-0 (31) Gonzalez Martinez,M (2115)-Ortin Blanco,I (2127) Zornotza 2017}) 13... g5 14. Bf3 Qd7 15. O-O-O c4 16. Qc2 b5 17. e4 b4 18. exd5 exd5 {[%emt 0:07:32] [#]} (18... Nxd5 $14 19. Nxc4 Rc8) 19. Rde1 (19. Nxc4 $1 $16 bxc3 (19... dxc4 20. d5) 20. Ne5) 19... O-O-O 20. Qa4 Nb8 21. Qa5 Rhe8 22. Bd1 Nc6 23. Qb5 bxc3 24. bxc3 $11 Ba3+ 25. Kb1 Qb7 26. Ba4 Bd6 27. Bxd6 Rxd6 28. Rxe8+ Nxe8 29. Re1 Qxb5+ 30. Bxb5 Nc7 31. Bxc6 Rxc6 32. Re5 f6 33. Re3 Kd7 34. Kc2 Ra6 35. Kb2 Rb6+ 36. Kc2 Rb8 37. Re1 Ne6 38. Nf1 Nf4 39. Ne3 g6 40. Rh1 Rh8 41. Rb1 Kc6 42. a4 Rxh3 43. Rb5 Rh2 44. Rc5+ Kd6 45. Nd1 Nd3 46. Ra5 Nxf2 47. Ra6+ Kc7 48. Rxa7+ Kb6 49. Rd7 Nxg4+ 50. Kb1 Kc6 51. Ra7 Rh1 52. Kc2 Rf1 53. Ra6+ Kb7 54. Rd6 Nh2 55. Rxd5 g4 56. Ne3 Re1 57. Rb5+ Kc8 58. Nxg4 Nxg4 59. Rc5+ Kb7 60. Kd2 Ra1 61. Rxc4 f5 62. Rb4+ Kc6 63. Kc2 Ne3+ 64. Kb2 Rh1 65. a5 Rh8 66. Rb6+ Kd5 67. Rxg6 Nc4+ 68. Kb3 Nxa5+ 69. Ka4 Nc4 70. Rf6 Ra8+ 71. Kb3 Rb8+ 72. Kc2 Rb2+ 73. Kc1 Rf2 74. Kd1 Nd6 75. Rf8 Kc4 76. Ke1 Rf3 77. Rd8 Re3+ 78. Kf1 Re6 79. Kf2 Kxc3 80. d5 Rf6 81. Kf3 Kd4 82. Kf4 Kxd5 0-1

[Event "Kragero Resort A 2020"]
[Site "Kragero"]
[Date "2020.02.23"]
[Round "9.27"]
[White "Ingebretsen, Jens E"]
[Black "Olsen, Robin"]
[Result "1/2-1/2"]
[ECO "B13"]
[WhiteElo "2241"]
[BlackElo "2025"]
[Annotator "ChessBase"]
[PlyCount "48"]
[EventDate "2020.02.19"]
[EventType "swiss"]
[EventCountry "NOR"]
[SourceTitle "playchess.com"]
[Source "ChessBase"]
[SourceQuality "1"]
[TimeControl "5400+30"]

1. e4 c6 2. d4 d5 3. exd5 cxd5 4. Bd3 Nc6 5. c3 Qc7 6. Ne2 Bg4 7. O-O e6 8. Qe1 Bxe2 9. Qxe2 Bd6 10. f4 Nf6 11. f5 e5 12. dxe5 Bxe5 13. Nd2 O-O-O 14. Nf3 Bd6 15. b4 Rhe8 16. Qf2 Ne4 17. Qc2 Ne5 18. Bxe4 dxe4 19. Qxe4 Qxc3 20. Bg5 Nxf3+ 21. Qxf3 Qxf3 22. Rxf3 f6 23. Be3 b6 24. a3 Kb7 1/2-1/2

[Event "Kragero Resort A 2020"]
[Site "Kragero"]
[Date "2020.02.23"]
[Round "9.28"]
[White "Abdrlauf, Elham"]
[Black "Woithe, Daniel"]
[Result "1-0"]
[ECO "C28"]
[WhiteElo "2381"]
[BlackElo "2067"]
[Annotator "ChessBase"]
[PlyCount "105"]
[EventDate "2020.02.19"]
[EventType "swiss"]
[EventCountry "NOR"]
[SourceTitle "playchess.com"]
[Source "ChessBase"]
[SourceQuality "1"]
[TimeControl "5400+30"]

1. e4 e5 2. Nc3 Nf6 3. Bc4 Nc6 4. d3 Bc5 5. f4 d6 6. Nf3 exf4 7. Bxf4 Be6 8. Bxe6 fxe6 9. Na4 Bb6 10. Nxb6 axb6 11. O-O O-O 12. Qd2 e5 13. Bg5 h6 14. Bh4 Ne7 15. Qc3 Ng6 16. Bxf6 Rxf6 17. a4 Kh7 18. b4 Nf4 19. Kh1 Qd7 20. a5 b5 21. d4 Ne2 22. Qd3 Nxd4 23. Nxd4 Rxf1+ 24. Rxf1 exd4 25. e5+ Kg8 26. Qxd4 Qe6 27. exd6 Qxd6 28. Qxd6 cxd6 29. Kg1 b6 30. axb6 Rb8 31. Kf2 Rxb6 32. c3 Rc6 33. Rd1 Rxc3 34. Rd5 Rb3 35. Rxb5 Kf7 36. Rb8 d5 37. b5 Rb2+ 38. Kf3 d4 39. b6 Kg6 40. h4 h5 41. Ke4 Rxg2 42. Kxd4 Rb2 43. Kc5 Kf5 44. Rd8 Rc2+ 45. Kb5 Rb2+ 46. Kc6 Rc2+ 47. Kd7 Kg4 48. b7 Rb2 49. b8=Q Rxb8 50. Rxb8 Kxh4 51. Ke6 Kg3 52. Kf5 h4 53. Rb3+ 1-0